Celery, chaotic female sylph Rogue ----- -------..........`............................- |.).| ----|.....|.....................n.................| |...|---...|.....|..N.N.....................*......------- |.---.....i---..--$.NE%................=.....i.....| |.............+.|.....N...........................-- |$....-----....--.......i....i..?................-- |--|---...|....|.....$............i.......%i....-- |.%<......---------............................-- |....|.....-......|.......l..i................-- |-----.....--.....|.*.........nn.............-- |...........---^..------|-----...n...i@.....-- |.............|.&......|..%| .............| ||-.---$---.--|.---.---|...| ----------...- |.--|.---.--|$---.-|-..|---- ..- |...|.......|......@...| .| |...|..|....|..........| -- |...|---....|---.......|----- ----|.....---.....--.---....-- |.............|.....)....| -------------------------- Celery the Pilferer Experience level: 11 Strength: 16 Dexterity: 17 Constitution: 16 Intelligence: 11 Wisdom: 12 Charisma: 9 Health: 0(124) Energy: 59(59) Def: 2 Gold: 0 Moves: 31507 Dungeon seed: MXulsXlECd6Fl_C7 Game ID: Celery_1470069215 Your Inventory: Amulets Q - an uncursed amulet of ESP (being worn) Weapons h - the blessed rustproof +1 Valerian (weapon in hand) p - 14 uncursed +0 daggers (in quiver) Armor r - an uncursed +0 cloak of invisibility (being worn) u - an uncursed burnt +0 oilskin cloak Scrolls b - an uncursed scroll of teleportation Rings a - an uncursed ring of polymorph o - an uncursed +1 ring of protection (on right hand) E - an uncursed ring of levitation P - an uncursed ring of slow digestion (on left hand) V - an uncursed ring of free action W - an uncursed ring of poison resistance X - an uncursed ring of sustain ability Y - an uncursed ring of polymorph control Wands n - an uncursed wand of slow monster (0:5) q - an uncursed wand of digging (0:7) t - an uncursed wand of sleep (0:3) A - an uncursed wand of fire (0:0) B - an uncursed wand of sleep (0:7) F - an uncursed wand of sleep (0:7) G - an uncursed wand of polymorph (0:0) J - an uncursed wand of striking (0:2) L - an uncursed wand of light (0:0) Z - an uncursed wand of magic missile (0:5) Tools e - a blessed +0 unicorn horn f - an uncursed skeleton key k - an uncursed towel s - a blessed greased bag of holding w - an uncursed magic whistle I - an uncursed oil lamp (0:1325) T - an uncursed stethoscope U - an uncursed pair of lenses (being worn) Gems j - an uncursed luckstone Contents of the bag of holding: 28915 gold pieces 3 uncursed +0 elven daggers an uncursed +0 mummy wrapping an uncursed +0 pair of elven boots an uncursed +0 pair of jumping boots 2 uncursed C-rations 2 uncursed K-rations 5 uncursed food rations 2 uncursed tripe rations 3 uncursed scrolls of blank paper a blessed scroll of create monster 4 uncursed scrolls of create monster an uncursed scroll of destroy armor a blessed scroll of earth 2 uncursed scrolls of earth a cursed scroll of earth 2 uncursed scrolls of enchant armor an uncursed scroll of identify 2 uncursed scrolls of light a cursed scroll of light a blessed scroll of magic mapping an uncursed scroll of magic mapping a cursed scroll of magic mapping an uncursed scroll of remove curse 3 uncursed scrolls of scare monster 5 uncursed scrolls of teleportation a cursed scroll of teleportation an uncursed spellbook of magic missile an uncursed potion of blindness an uncursed potion of booze a blessed potion of confusion a blessed potion of enlightenment 2 uncursed potions of fruit juice an uncursed potion of gain level a blessed potion of healing 2 uncursed potions of healing 12 potions of holy water 2 uncursed potions of invisibility 2 blessed potions of object detection 8 uncursed potions of object detection a cursed potion of object detection an uncursed potion of polymorph an uncursed potion of restore ability an uncursed potion of see invisible 2 uncursed potions of sickness a blessed potion of speed 2 uncursed potions of speed 4 uncursed potions of water an uncursed wand of cold (0:1) an uncursed wand of digging (0:8) an uncursed wand of digging (0:5) an uncursed wand of enlightenment (0:0) an uncursed wand of lightning (0:3) an uncursed wand of magic missile (0:8) an uncursed wand of make invisible (0:3) an uncursed blindfold an uncursed brass lantern (0:1013) an uncursed can of grease (0:21) an uncursed can of grease (0:3) an uncursed magic flute (0:7) an uncursed +0 pick-axe an uncursed sack named clear an uncursed +0 unicorn horn an uncursed +0 unicorn horn an uncursed aquamarine stone an uncursed chrysoberyl stone an uncursed citrine stone an uncursed jasper stone an uncursed opal an uncursed ruby an uncursed sapphire 2 uncursed worthless pieces of black glass 6 uncursed worthless pieces of blue glass 6 uncursed worthless pieces of green glass 8 uncursed worthless pieces of orange glass 2 uncursed worthless pieces of red glass 6 uncursed worthless pieces of violet glass 6 uncursed worthless pieces of white glass an uncursed worthless piece of yellow glass 5 uncursed worthless pieces of yellowish brown glass Spells and supernatural/magical abilities: Name Level Category Fail Memory a - force bolt 1 attack 44% 28% f - fireball 4 attack 100% 84% k - knock 1 matter 44% 27% l - light 1 divination 44% 73% m - magic missile 2 attack 60% 86% n - detect monsters 1 divination 44% 8% s - slow monster 2 enchantment 60% 28% u - confuse monster 2 enchantment 60% 91% v - clairvoyance 3 divination 52% 8% z - sleep 1 enchantment 44% 27% B - cure blindness 2 healing 44% 8% K - cure sickness 3* healing 52% 0% P - polymorph 6 matter 100% 30% S - stone to flesh 3 healing 52% 10% W - pray for help -- divine ? -- Your skills at the end: Miscellaneous Skills wands [Skilled] Weapon Skills dagger [Expert] short sword [Basic] Spellcasting Skills healing spells [Basic] divination spells [Basic] Final Attributes: You were piously aligned. You were cold resistant. You were sleep resistant. You saw invisible. You were telepathic. You had automatic searching. You had infravision. You were invisible to others. You were displaced. You were stealthy. You had slower digestion. You were protected. You were protected from shape changers. You were fast. You were extremely lucky. You had extra luck. Bad luck did not time out for you. Good luck did not time out for you. You are dead. Vanquished creatures: 26 guardian nagas 9 black puddings 4 giant mimics 4 fire giants 7 large mimics a wumpus a baby purple worm 5 long worms 3 stalkers 2 black nagas a xorn a giant zombie 4 sergeants 2 winter wolves 5 small mimics 3 island nymphs 3 quantum mechanics a troll a sasquatch a pyrolisk 4 large dogs 3 freezing spheres a flaming sphere a shocking sphere a large cat 2 dwarf kings 2 tengu a gelatinous cube an ochre jelly 16 chameleons a crocodile an energy vortex an elf mummy a human mummy a red naga 2 pit vipers a python a cobra 2 wraiths a leather golem 3 Grey-elves a soldier 2 succubi 3 incubi 2 giant beetles 2 cockatrices 5 wolves 5 winter wolf cubs 80 leprechauns a quivering blob 3 spotted jellies 5 lizards 8 mountain nymphs a mumak 4 giant spiders a scorpion an iron piercer a horse 4 ice vortices 3 black lights 3 vampire bats a gnome king 4 dwarf mummies an ogre 2 brown puddings an owlbear 2 yetis 2 gold golems a werewolf a Green-elf 8 thugs 2 chickatrices 3 dogs 3 dingos 4 jaguars 3 dwarf lords 21 water nymphs 3 white unicorns 4 dust vortices 2 ravens a plains centaur a gnome mummy 2 snakes 4 apes 9 human zombies a Woodland-elf 5 soldier ants 2 fire ants a bugbear 3 baby crocodiles 6 wood nymphs 10 Mordor orcs 5 orc shamans 2 rock moles 2 rock piercers 4 ponies 4 fog clouds 2 yellow lights 2 shriekers 2 violet fungi 19 gnome lords 5 gnomish wizards 3 kobold mummies 2 golden naga hatchlings 3 gray oozes 2 barrow wights an elf zombie 4 straw golems 6 giant ants 2 little dogs 8 floating eyes 2 kittens 21 dwarves 2 kobold lords 12 iguanas a hill orc 6 rothes 3 rabid rats a centipede a giant bat 5 monkeys 6 orc zombies 4 dwarf zombies 3 wererats 4 werejackals 12 killer bees 5 coyotes 5 gas spores 6 hobbits 7 acid blobs 2 large kobolds 9 geckos 5 hobgoblins 6 giant rats 8 cave spiders 3 brown molds 4 yellow molds 6 green molds 64 gnomes a garter snake a gnome zombie 17 jackals 3 foxes 5 kobolds 4 newts 2 goblins 6 sewer rats 13 grid bugs 5 bats 13 lichens 7 kobold zombies 747 creatures vanquished. Voluntary challenges: You were vegetarian. You had followed a strict vegan diet until turn 2051. You used a wielded weapon 1586 times, starting on turn 2. You read items or engraved 96 times, starting on turn 227. You never genocided any monsters. You polymorphed 52 items, starting on turn 14267. You changed form 5 times, starting on turn 30224. You completed Sokoban on turn 12828, according to the rules. You used no wishes. You split 9 puddings, starting on turn 4644. You never wrote Elbereth's name. You violated your moral code, losing 14 points of alignment, starting on turn 25428. Dungeon overview: The Dungeons of Doom: levels 1 to 14 Level 1 some fountains a long staircase Level 2 Level 3 a fountain Level 4 stairs to The Gnomish Mines Level 5 some fountains Level 6 Level 7 Level 8 many fountains Level 9 a general store stairs to Sokoban Level 10 a temple to Kos, some fountains Level 11 a temple to Kos, a sink Level 12 an altar to Kos Level 13 an altar to Mog Level 14 a fountain portal to The Quest The Gnomish Mines: levels 5 to 13 Level 5 stairs to The Dungeons of Doom Level 6 Level 7 Level 8 many shops, a temple to Issek, a magic chest, some fountains Level 9 Level 10 Level 11 Level 12 Level 13 many altars to Moloch, a magic chest, some fountains The Quest: levels 1 to 6 Level 1 a magic chest portal to The Dungeons of Doom Level 2 Level 3 some fountains Level 4 Level 5 Level 6 <- You were here Sokoban: levels 5 to 8 Level 5 a magic chest Level 6 Level 7 a fountain Level 8 a magic chest stairs to The Dungeons of Doom History has recorded: On T:1 you entered the Dungeons of Doom to retrieve the Amulet of Yendor! On T:480 you advanced to experience level 2. On T:567 you reached level 2 of The Dungeons of Doom. On T:895 you reached level 3 of The Dungeons of Doom. On T:1040 you advanced to experience level 3. On T:1447 you advanced to experience level 4. On T:1648 you reached level 4 of The Dungeons of Doom. On T:2300 you advanced to experience level 5. On T:2321 you reached level 1 of The Gnomish Mines. On T:2736 you reached level 2 of The Gnomish Mines. On T:2903 you advanced to experience level 6. On T:3262 you reached level 3 of The Gnomish Mines. On T:3810 you reached level 4 of The Gnomish Mines. On T:3889 you advanced to experience level 7. On T:3915 you entered the Minetown temple On T:3919 you opened a magic chest. On T:3932 you opened a magic chest. On T:3935 you opened a magic chest. On T:3936 you opened a magic chest. On T:5284 you reached level 5 of The Dungeons of Doom. On T:5596 you advanced to experience level 8. On T:5708 you reached level 6 of The Dungeons of Doom. On T:6161 you reached level 7 of The Dungeons of Doom. On T:6808 you reached level 8 of The Dungeons of Doom. On T:6994 you advanced to experience level 9. On T:6995 you received advice from The Oracle. On T:6995 you advanced to experience level 10. On T:7226 you reached level 9 of The Dungeons of Doom. On T:9033 you reached level 4 of Sokoban. On T:9177 you opened a magic chest. On T:9407 you reached level 3 of Sokoban. On T:10072 you reached level 2 of Sokoban. On T:10527 you reached level 1 of Sokoban. On T:12828 you advanced to experience level 11. On T:12828 you entered the Sokoban zoo. On T:12959 you opened a magic chest. On T:12960 you opened a magic chest. On T:12963 you opened a magic chest. On T:12971 you opened a magic chest. On T:12972 you opened a magic chest. On T:12973 you opened a magic chest. On T:13020 you advanced to experience level 12. On T:13390 you reached level 10 of The Dungeons of Doom. On T:14089 you opened a magic chest. On T:14119 you opened a magic chest. On T:14119 you opened a magic chest. On T:14130 you opened a magic chest. On T:14134 you opened a magic chest. On T:14135 you opened a magic chest. On T:14135 you opened a magic chest. On T:14136 you opened a magic chest. On T:14214 you opened a magic chest. On T:14324 you opened a magic chest. On T:14705 you reached level 5 of The Gnomish Mines. On T:15090 you reached level 6 of The Gnomish Mines. On T:15777 you reached level 7 of The Gnomish Mines. On T:16285 you advanced to experience level 12. On T:16286 you advanced to experience level 13. On T:16294 you reached level 8 of The Gnomish Mines. On T:16734 you reached level 9 of The Gnomish Mines. On T:16734 you reached the bottom of the Mines. On T:17328 you opened a magic chest. On T:17335 you opened a magic chest. On T:18502 you opened a magic chest. On T:21908 you reached level 11 of The Dungeons of Doom. On T:21997 you received Valerian from Kos. On T:22883 you reached level 12 of The Dungeons of Doom. On T:23591 you reached level 13 of The Dungeons of Doom. On T:24212 you reached level 14 of The Dungeons of Doom. On T:24716 you reached level 1 of The Quest. On T:25674 you advanced to experience level 14. On T:26708 you embarked upon an epic quest. On T:26714 you opened a magic chest. On T:26715 you opened a magic chest. On T:26716 you opened a magic chest. On T:26811 you reached level 2 of The Quest. On T:27546 you reached level 3 of The Quest. On T:28547 you reached level 4 of The Quest. On T:29060 you reached level 5 of The Quest. On T:29489 you reached level 6 of The Quest. Score breakdown: Gold: 28915 ( 2000 points) Experience: 11 levels ( 1000 points) Exploration: 19 levels ( 540 points) Discoveries: 62 items ( 2000 points) Variety of kills: 151 monsters ( 2000 points) Major goal: Sokoban/Mines ( 1500 points) Survival: died (score multiplied by 3) Total score: 27120 Latest messages: You catch the guardian naga at a disadvantage! You kill the guardian naga! The guardian naga bites! You are frozen by the guardian naga! The guardian naga bites! (2x) The black naga bites! (2x) The guardian naga bites! The black naga bites! The guardian naga bites! (2x) The black naga bites! The guardian naga bites! The black naga bites! The guardian naga bites! (2x) The black naga bites! The guardian naga bites! (5x) The black naga bites! The guardian naga bites! (4x) The black naga bites! The guardian naga bites! (2x) The black naga bites! The guardian naga bites! The black naga bites! You die... The sack named clear is empty. Final status: Goodbye Celery the Rogue, killed by a black naga, while paralyzed by a monster's touch... You died in The Quest on dungeon level 6 with 27120 points, and 28915 pieces of gold, after 31507 moves. You were level 11 with a maximum of 124 hit points when you died.